 Dungeon Crawl Stone Soup version 0.20-a0-959-gdc9e609 (webtiles) character file.

431 Alarkh the Chopper (level 6, -5/52 HPs)
             Began as a Demonspawn Skald on Apr 6, 2017.
             Killed from afar by quik's ghost (18 damage)
             ... with a lance of force
             ... on level 3 of the Dungeon.
             The game lasted 00:06:01 (6178 turns).

Alarkh the Chopper (Demonspawn Skald)               Turns: 6178, Time: 00:06:02

Health: -5/52      AC:  5    Str: 12      XL:     6   Next: 66%
Magic:  4/9        EV: 13    Int: 16      God:
Gold:   262        SH:  0    Dex: 13 (14) Spells: 8/9 levels left

rFire    + . .     SeeInvis .   a - +0 hand axe
rCold    + . .     Gourm    .   (no shield)
rNeg     . . .     Faith    .   b - +0 leather armour
rPois    +         Spirit   .   (no helmet)
rElec    +         Reflect  .   q - +0 cloak
rCorr    +         Harm     .   i - +0 pair of gloves
MR       .....                  (no boots)
Stlth    +++.......             (no amulet)
Regen    0.2/turn               v - +2 ring of dexterity
MPRegen  0.2/turn               x - ring of poison resistance

@: lethally poisoned (-5 -> -11), resistant, flying
A: blink, nightstalker 2, robust 1, evolution 1
a: Blink


You were on level 3 of the Dungeon.
You were not hungry.

You visited 1 branch of the dungeon, and saw 4 of its levels.

You collected 262 gold pieces.

Inventory:

Hand Weapons
 a - a +0 hand axe (weapon)
Armour
 b - a +0 leather armour (worn)
 i - a +0 pair of gloves (worn)
 q - a +0 cloak (worn)
Jewellery
 v - a +2 ring of dexterity (left hand)
 x - a ring of poison resistance (right hand)
Scrolls
 e - a scroll of magic mapping {unknown}
 f - 2 scrolls of amnesia {unknown}
 h - a scroll of recharging {unknown}
 j - a scroll of enchant weapon {unknown}
 o - a scroll of blinking {unknown}
 p - a scroll of enchant armour {unknown}
 r - a scroll of noise
 s - a scroll of remove curse {unknown}
 t - a scroll of teleportation
 y - a scroll of random uselessness {unknown}
Potions
 g - a potion of cancellation
 k - 2 potions of brilliance
 l - a potion of lignification
 m - 2 potions of heal wounds
 B - a potion of flight
Books
 c - a book of Battle

   Spells                             Type                      Level
   a - Infusion                       Charms                       1
   b - Shroud of Golubria             Charms/Translocation         2
   c - Song of Slaying                Charms                       2
   d - Spectral Weapon                Hexes/Charms                 3
   e - Regeneration                   Charms/Necromancy            3
 w - a book of Changes

   Spells                             Type                      Level
   a - Beastly Appendage              Transmutation                1
   b - Sticks to Snakes               Transmutation                2
   c - Spider Form                    Transmutation/Poison         3
   d - Ice Form                       Ice/Transmutation            4
   e - Blade Hands                    Transmutation                5
Comestibles
 d - 4 bread rations
 n - 2 royal jellies
 u - a fruit
 z - 3 meat rations


   Skills:
 + Level 3.7 Fighting
 * Level 4.4 Axes
 + Level 2.6 Armour
 + Level 3.1 Dodging
 - Level 2.0 Spellcasting
 - Level 2.6 Charms


You had 8 spell levels left.
You knew the following spells:

 Your Spells              Type           Power        Failure   Level  Hunger
a - Infusion              Chrm           ##..         12%         1    #......


Dungeon Overview and Level Annotations

Branches:
Dungeon (4/15)
 Temple: D:4-7

Altars:
Fedhas
Makhleb
Sif Muna
Uskayaw

Annotations:
D:3 quik's ghost, novice DECj


Innate Abilities, Weirdness & Mutations

You are significantly more attuned to the shadows.
You can translocate small distances at will.
You are robust. (+10% HP)
You evolve.


Message History

You are knocked back by the lance of force.
You slam into the rock wall!
You are too injured to fight recklessly!
You are too injured to fight recklessly!
You are no longer magically infusing your attacks.
You hit quik's ghost.
Quik's ghost is severely damaged.
Quik's ghost barely misses you.
You closely miss quik's ghost.
Quik's ghost is severely damaged.
Quik's ghost points at you and mumbles some strange words.
The magic dart hits you!
You closely miss quik's ghost.
Quik's ghost is severely damaged.
Quik's ghost hits you.
* * * LOW HITPOINT WARNING * * *
You are poisoned.
Quik's ghost gestures at you while chanting.
The lance of force hits you!
You die...

#.......##.##.#....#
###.⌠...⌠.##.##.#.##..
..#.......##.##.#.##..
#.'...⌠...'..##.#.##.#
###....)..#..##.#.....
#.)...⌠.##.##.#####.
#.......##.##.# #. #####
######W#####....# ###.
#...# #....@..# #.####
#... #...#
#......#####'######...
#...#
#......###......†.#...
#...#
#.................###.
#...#
#####..###...(....###.
#...# #.............'...
#...# ##.###........###.
#...# #.# ###'#######..
##...###########.#####.#
#..


You could see quik's ghost.

Vanquished Creatures
  2 hounds (D:4)
  2 orc wizards
  An iguana (D:4)
  Ijyb (D:2)
  Natasha (D:3)
  2 worker ants (D:4)
  A hound skeleton (D:4)
  5 adders
  2 oozes (D:3)
  2 worms (D:2)
  2 dart slugs
  3 leopard geckos
  11 orcs
  5 giant cockroaches
  17 goblins
  9 hobgoblins
  14 jackals
  A quokka (D:3)
  3 ball pythons
  6 bats
  4 frilled lizards
  8 kobolds
  A quokka skeleton (D:4)
  8 rats
111 creatures vanquished.

Notes
Turn   | Place    | Note
-------+----------+-------------------------------------------
     0 | D:1      | Alarkh the Demonspawn Skald began the quest for the Orb.
     0 | D:1      | Reached XP level 1. HP: 16/16 MP: 3/3
     9 | D:1      | Reached skill level 1 in Armour
   391 | D:1      | Reached skill level 2 in Axes
   395 | D:1      | Gained mutation: You are slightly more attuned to the shadows. [demonic ancestry]
   395 | D:1      | Reached XP level 2. HP: 13/22 MP: 0/5
  1392 | D:2      | Reached XP level 3. HP: 16/27 MP: 0/6
  1822 | D:2      | Reached skill level 3 in Axes
  1976 | D:2      | Found a burning altar of Makhleb.
  2082 | D:2      | Reached XP level 4. HP: 30/34 MP: 4/7
  2210 | D:2      | Noticed Ijyb
  2334 | D:2      | Killed Ijyb
  2968 | D:3      | Reached XP level 5. HP: 41/41 MP: 5/8
  2971 | D:3      | Noticed Natasha
  3190 | D:3      | Killed Natasha
  3935 | D:3      | Noticed a hornet
  4117 | D:3      | Paralysed by a hornet for 2 turns
  4452 | D:4      | Found a hide-covered altar of Uskayaw.
  4479 | D:4      | Found a burning altar of Makhleb.
  4609 | D:4      | Reached skill level 4 in Axes
  4892 | D:4      | Gained mutation: You are significantly more attuned to the shadows. [demonic ancestry]
  4892 | D:4      | Reached XP level 6. HP: 47/47 MP: 3/9
  5078 | D:4      | Found a deep blue altar of Sif Muna.
  5372 | D:4      | Found a blossoming altar of Fedhas.
  6157 | D:3      | Noticed quik's ghost (novice DECj)
  6160 | D:3      | Gained mutation: You are robust. (+10% HP) [potion of mutation]
  6160 | D:3      | Gained mutation: You evolve. [potion of mutation]
  6160 | D:3      | Gained mutation: You can translocate small distances at will. [potion of mutation]
  6178 | D:3      | Killed from afar by quik's ghost

Vault maps used:
D:1:      minmay_arrival_four_circles, minmay_misc_feat_alley
D:2:      kennysheep_goblin_castle, lightli_temple_of_fire
D:3:      minmay_misc_feat_square, minmay_fountain_box, uniq_iyjb, uniq_natasha
D:4:      general_overflow_altar, lemuel_crystal_altar,
          nicolae_overflow_crystal_walls, hangedman_decor_slide_cut,
          bloody_makhleb

Skill      XL: |  1  2  3  4  5  6 |
---------------+-------------------+-----
Armour         | 1 2 |  2.6
Dodging        | 2 3 |  3.1
Axes           | 2 3 4 |  4.4
Fighting       | 3 |  3.7
Spellcasting   | |  2.0
Charms         | |  2.6

Action                   |  1- 3 |  4- 6 || total
-------------------------+-------+-------++-------
Melee: Hand axe          |   117 |   277 ||   394
       Unarmed           |       |    23 ||    23
 Cast: Infusion          |    10 |    23 ||    33
  Use: Scroll            |     1 |     5 ||     6
       Potion            |       |     7 ||     7
 Stab: Sleeping          |     1 |     4 ||     5
       Distracted        |       |     2 ||     2
  Eat: Chunk             |     4 |    13 ||    17
       Fruit             |       |     1 ||     1
Armor: Leather armour    |    43 |    90 ||   133
       Skin              |       |     6 ||     6
Dodge: Dodged            |    95 |   208 ||   303
